AoeStats
← Corsican Pirate

Pilgrims

507785408Analyzed
4v4 RM · 14d ago on Sep 19, 2026· 92m 37s· 8 players
Game mode
Random Map
Map size
Large (8 player)
Population
200
Speed
Normal
Resources
Standard
Victory
Conquest
Starting age
Dark Age
Ending age
Imperial Age
RankedLock teamsTeams togetherTeam positionsShared explorationLock speedFull tech treeHidden civsTurbo modeCheats
Victory
Defeat
🇨🇳 Japanese · China
1268
+14
🇲🇽 Spanish · Mexico
1252
+15
🇲🇽 Magyars · Mexico
1223
+16
🇷🇴 Vietnamese · Romania
1162
+18
🇨🇦 Koreans · Canada
1262
-17
🇭🇰 Japanese · Hong Kong SAR China
1219
-16
🇭🇰 Vietnamese · Hong Kong SAR China
1204
-15
🇭🇰 Persians · Hong Kong SAR China
1192
-15
Scirroco
5:28 Loom
10:33 Feudal Age
11:03 Double-Bit Axe
12:17 Gold Mining
15:02 Forging
20:35 Castle Age
21:29 Medium Warships
21:33 Bow Saw
26:02 Fletching
27:10 Ballistics
27:45 Clinker Construction
29:42 Bodkin Arrow
40:14 Imperial Age
39:32 Caravan
39:39 Scale Mail Armor
40:55 Chain Mail Armor
41:16 Iron Casting
41:30 Wheelbarrow
41:22 Pikeman
42:02 Squires
42:35 Carvel Hull
42:44 Treadmill Crane
42:59 Gambesons
43:05 Horse Collar
43:35 Town Watch
43:59 Halberdier
47:18 Plate Mail Armor
48:34 Masonry
49:17 Conscription
49:27 Bracer
49:04 Elite Fire Lancer
52:17 Arson
52:44 Guilds
53:05 Coinage
52:36 Heavy Rocket Cart
54:44 Two-Man Saw
56:08 Chemistry
56:22 Eupseong
59:27 Shinkichon
60:38 Siege Engineers
63:01 Banking
65:08 Arrowslits
65:55 Architecture
65:20 Murder Holes
73:55 Elite Turtle Ship
77:14 Heavy Plow
78:39 Elite Cannon Galleon
FlameX
12:01 Feudal Age
12:37 Loom
14:21 Wheelbarrow
16:33 Castle Age
15:24 Double-Bit Axe
15:57 Horse Collar
17:09 Scale Barding Armor
23:11 Heavy Plow
23:23 Bow Saw
28:17 Chain Barding Armor
28:19 Bloodlines
30:11 Forging
31:50 Iron Casting
32:08 Husbandry
35:00 Hand Cart
38:48 Imperial Age
39:04 Town Watch
38:47 Cavalier
42:09 Blast Furnace
41:45 Plate Barding Armor
41:15 Gold Mining
42:16 Savar
47:57 Light Cavalry
52:50 Conscription
53:28 Hussar
54:43 Caravan
76:41 Chemistry
76:21 Town Patrol
StarShooter
5:39 Loom
12:33 Feudal Age
16:46 Castle Age
15:36 Fletching
15:33 Double-Bit Axe
16:30 Gold Mining
16:31 Stone Mining
19:07 Bow Saw
19:59 Bodkin Arrow
23:01 Ballistics
23:38 Wheelbarrow
22:48 Town Watch
23:27 Padded Archer Armor
24:51 Fortified Wall
32:07 Elite Skirmisher
32:52 Thumb Ring
34:54 Hand Cart
34:13 Pikeman
35:18 Leather Archer Armor
35:03 Scale Mail Armor
35:14 Forging
38:50 Imperial Age
39:51 Bracer
39:25 Imperial Skirmisher
41:21 Squires
42:44 Halberdier
43:42 Chain Mail Armor
52:53 Plate Mail Armor
59:42 Two-Man Saw
60:21 Elite Rattan Archer
61:26 Horse Collar
66:41 Iron Casting
78:37 Chemistry
84:13 Ring Archer Armor
onioncwc
9:12 Loom
11:29 Feudal Age
12:22 Double-Bit Axe
13:07 Gold Mining
22:24 Castle Age
20:52 Fishing Lines
21:17 Stone Mining
23:30 Medium Warships
23:47 Bow Saw
26:05 Gold Shaft Mining
26:39 Fletching
30:29 Bodkin Arrow
30:35 Padded Archer Armor
33:22 Wheelbarrow
33:14 Leather Archer Armor
37:42 Imperial Age
36:19 Bloodlines
36:10 Husbandry
37:25 Thumb Ring
38:39 Gillnets
39:37 Ballistics
40:17 Chemistry
39:51 Parthian Tactics
40:32 Conscription
40:58 Hand Cart
41:52 Bracer
41:53 Scale Mail Armor
42:10 Forging
42:51 Heavy Cavalry Archer
43:58 Masonry
44:13 Squires
43:34 Pikeman
45:37 Halberdier
50:46 Elite Skirmisher
52:23 Arson
54:05 Hoardings
55:49 Chain Mail Armor
56:10 Iron Casting
56:07 Ring Archer Armor
56:19 Imperial Skirmisher
58:43 Plate Mail Armor
59:14 Blast Furnace
63:06 Siege Engineers
63:14 Clinker Construction
67:07 Town Watch
78:28 Kataparuto
Corsican Pirate
4:30 Loom
13:40 Feudal Age
15:21 Double-Bit Axe
17:51 Castle Age
16:27 Stone Mining
16:22 Horse Collar
17:14 Gold Mining
19:13 Bow Saw
24:29 Wheelbarrow
24:20 Padded Archer Armor
25:43 Leather Archer Armor
25:18 Town Watch
25:39 Heavy Plow
27:14 Hand Cart
27:43 Stone Shaft Mining
33:32 Imperial Age
32:08 Husbandry
32:19 Bloodlines
32:36 Scale Barding Armor
33:05 Forging
33:54 Chain Barding Armor
34:53 Iron Casting
34:42 Conscription
34:44 Supremacy
34:03 Cavalier
34:04 Light Cavalry
36:18 Plate Barding Armor
36:16 Ring Archer Armor
37:48 Blast Furnace
38:14 Paladin
39:33 Caravan
43:29 Hussar
49:43 Chemistry
49:04 Ballistics
51:29 Bombard Tower
51:20 Masonry
51:08 Murder Holes
51:41 Capped Ram
53:12 Fletching
53:41 Siege Ram
55:46 Hoardings
59:49 Bodkin Arrow
61:00 Thumb Ring
60:29 Elite Skirmisher
61:32 Imperial Skirmisher
67:09 Architecture
66:26 Arrowslits
68:34 Squires
68:37 Scale Mail Armor
68:37 Bracer
68:22 Pikeman
69:53 Arson
71:53 Chain Mail Armor
79:43 Sappers
85:10 Plate Mail Armor
90:42 Man-at-Arms
91:34 Long Swordsman
92:01 Gambesons
Imperial Skirmisher
11:08 Loom
13:05 Feudal Age
14:38 Double-Bit Axe
17:17 Castle Age
16:49 Horse Collar
18:17 Bow Saw
18:54 Scale Barding Armor
18:43 Town Watch
24:08 Bloodlines
25:50 Chain Barding Armor
26:52 Husbandry
29:12 Wheelbarrow
31:46 Hand Cart
35:25 Imperial Age
32:47 Gold Mining
32:48 Stone Mining
34:21 Fletching
35:26 Gold Shaft Mining
34:53 Corvinian Army
35:15 Bodkin Arrow
36:47 Plate Barding Armor
36:38 Conscription
37:29 Elite Magyar Huszar
38:33 Masonry
38:47 Ballistics
39:53 Two-Man Saw
38:55 Bracer
40:12 Hoardings
39:47 Treadmill Crane
41:40 Siege Engineers
44:37 Padded Archer Armor
47:40 Chemistry
46:56 Leather Archer Armor
48:27 Ring Archer Armor
49:06 Fervor
53:24 Elite Skirmisher
54:58 Imperial Skirmisher
59:44 Parthian Tactics
59:33 Thumb Ring
60:32 Caravan
60:42 Heavy Cavalry Archer
83:52 Heavy Plow
88:37 Sanctity
Sageata
8:35 Loom
13:06 Feudal Age
14:24 Double-Bit Axe
21:02 Castle Age
19:00 Fletching
19:55 Padded Archer Armor
21:05 Crossbowman
21:42 Bodkin Arrow
22:45 Horse Collar
25:28 Medium Warships
30:53 Leather Archer Armor
30:57 Bow Saw
31:56 Heavy Plow
33:51 Wheelbarrow
38:05 Hand Cart
37:45 Gold Mining
37:46 Stone Mining
38:29 Ballistics
38:34 Town Watch
41:57 Imperial Age
40:19 Scale Barding Armor
40:25 Forging
41:09 Squires
41:13 Scale Mail Armor
42:07 Stone Shaft Mining
42:39 Iron Casting
42:26 Elite Fire Lancer
43:37 Chain Mail Armor
43:24 Capped Ram
45:33 Chemistry
46:02 Plate Mail Armor
46:25 Caravan
47:43 Crop Rotation
48:14 Two-Man Saw
47:38 Bracer
48:29 Paper Money
50:31 Ring Archer Armor
50:18 Arson
52:52 Elite Rattan Archer
58:37 Siege Engineers
61:12 Chain Barding Armor
63:28 Plate Barding Armor
62:56 Chatras
62:36 Elite Skirmisher
63:22 Thumb Ring
63:29 Husbandry
63:39 Bloodlines
62:57 Elite Battle Elephant
67:00 Town Patrol
77:30 Pikeman
81:04 Halberdier
1722767622
10:07 Loom
11:55 Feudal Age
13:06 Double-Bit Axe
15:26 Loom
19:56 Fletching
22:47 Castle Age
21:22 Fishing Lines
23:49 Medium Warships
26:36 Bodkin Arrow
27:44 Wheelbarrow
26:55 Town Watch
27:26 Bow Saw
32:23 Imperial Age
31:37 Gold Mining
31:37 Stone Mining
32:58 Gold Shaft Mining
33:00 Scale Mail Armor
33:10 Forging
34:22 Hand Cart
33:30 Pikeman
34:11 Squires
39:00 Bracer
39:49 Ballistics
40:14 Thumb Ring
43:32 Parthian Tactics
43:20 Padded Archer Armor
44:16 Town Patrol
44:51 Conscription
49:49 Chemistry
49:22 Caravan
49:44 Heavy Cavalry Archer
55:28 Bloodlines
55:19 Husbandry
55:43 Siege Engineers
55:21 Treadmill Crane
55:38 Murder Holes
55:33 Guard Tower
56:55 Kataparuto
56:38 Yasama
58:44 Arson
61:54 Keep
61:26 Siege Engineers
61:10 Arrowslits
63:25 Onager
65:54 Coinage
76:33 Heavy Warships
Connection lost

Rejoining the realm…

Still unreachable

The connection could not be restored.

Session expired

The server has moved on; the page needs a fresh start.